Map: Solaris LE

Players

SubN - Winner!

  • Race: Zerg Zerg
  • League: Diamond
  • Spawn Location: 1:00

IllIlIIllIlI

  • Race: Zerg Zerg
  • League: Platinum
  • Spawn Location: 7:00

VOD

Have the link to the VOD?

Description

Time

  • Played on: Jan. 22, 2024, 12:34 p.m.
  • Length: 7:28
Show
View Real Time Build Order
Export as new Build Order

SubN Zerg - Winner!

Build Orders: Hatch First 

Get SALT Encoding   

  12  0:00  Drone  
  13  0:12  Overlord  
  13  0:17  Drone  
  14  0:30  Drone x2  
  16  0:50  Hatchery  
  16  0:55  Drone x2  
  17  1:10  Extractor  
  16  1:11  Spawning Pool  
  16  1:13  Drone  
  16  1:18  Drone  
  17  1:20  Drone  
  18  1:28  Drone  
  19  1:40  Drone  
  20  1:49  Overlord  
  20  1:57  Queen  
  22  2:02  Queen  
  22  2:05  Drone x2  
  26  2:10  Metabolic Boost  
  26  2:13  Drone  
  27  2:17  Drone  
  28  2:23  Drone  
  28  2:28  Drone  
  30  2:33  Drone  
  30  2:36  Overlord  
  31  2:37  Queen  
  33  2:49  Overlord  
  33  2:59  Drone x3  
  33  3:00  Roach Warren  
  35  3:09  Zergling x4  
  35  3:10  Spine Crawler  
  36  3:16  Queen  
  36  3:17  Zergling x6  
  41  3:20  Zergling x4  
  43  3:29  Zergling x2  
  43  3:31  Overlord x2  
  40  3:56  Drone x5  
  45  4:03  Evolution Chamber  
  45  4:05  Drone  
  45  4:06  Evolution Chamber  
  45  4:07  Lair  
  45  4:09  Drone  
  45  4:13  Drone  
  46  4:21  Drone  
  47  4:25  Drone x4  
  51  4:31  Extractor  
  51  4:33  Extractor  
  51  4:34  Zerg Missile Weapons Level 1  
  51  4:37  Drone x2  
  51  4:50  Drone x4  
  55  4:53  Drone  
  56  5:03  Overlord x2  
  56  5:04  Overlord x2  
  56  5:12  Roach x2  
  60  5:14  Zerg Ground Armor Level 1  
  60  5:17  Overlord  
  60  5:20  Overlord  
  60  5:23  Drone, Glial Reconstitution  
  60  5:26  Drone  
  62  5:39  Roach x4  
  69  5:45  Queen  
  71  5:52  Roach  
  71  5:53  Roach x3  
  79  6:04  Overlord  
  79  6:05  Overlord  
  79  6:08  Roach x3  
  79  6:09  Roach x3  
  88  6:24  Roach x3  
  92  6:33  Drone  
  92  6:37  Ravager x2  
  97  6:40  Roach  
  97  6:42  Zergling x12  
  97  6:43  Hatchery  
  102  6:52  Roach  
  104  6:56  Ravager  
  104  7:00  Ravager  
  106  7:02  Zergling x2  
  106  7:03  Zergling x12  
Show
View Real Time Build Order
Export as new Build Order

IllIlIIllIlI Zerg 

Build Orders: Pool First 

Get SALT Encoding   

  12  0:00  Drone  
  13  0:09  Drone  
  14  0:19  Drone, Extractor x2  
  13  0:21  Drone  
  16  0:35  Spawning Pool  
  15  0:40  Overlord  
  15  0:51  Extractor  
  14  0:59  Drone x3  
  17  1:15  Hatchery  
  16  1:26  Queen  
  16  1:31  Zergling x2  
  19  1:35  Zergling x2  
  20  1:42  Overlord  
  20  1:54  Drone  
  20  1:55  Drone  
  22  2:06  Queen  
  24  2:09  Metabolic Boost  
  24  2:13  Drone  
  25  2:21  Baneling Nest  
  24  2:31  Queen  
  24  2:33  Drone  
  27  2:44  Overlord  
  27  2:46  Drone  
  27  2:48  Drone  
  29  2:55  Overlord  
  29  3:03  Drone x2  
  31  3:06  Drone  
  31  3:07  Drone  
  33  3:15  Baneling x4  
  33  3:24  Drone x3  
  36  3:29  Lair  
  36  3:47  Zergling x16  
  42  3:54  Roach Warren  
  41  4:02  Evolution Chamber  
  40  4:05  Evolution Chamber  
  40  4:08  Evolution Chamber, Baneling x3  
  38  4:12  Drone x2  
  38  4:14  Drone  
  41  4:37  Glial Reconstitution  
  41  4:40  Drone x3  
  41  4:41  Extractor  
  41  4:42  Overlord  
  41  4:45  Drone  
  44  5:01  Drone x5  
  49  5:10  Overlord  
  49  5:11  Roach  
  51  5:14  Zerg Missile Weapons Level 1  
  51  5:17  Overlord x2  
  51  5:21  Baneling  
  51  5:42  Roach x5  
  60  5:44  Spore Crawler  
  60  5:45  Spore Crawler  
  60  5:46  Drone x4  
  60  5:48  Drone x3, Extractor  
  64  5:52  Extractor  
  63  6:06  Roach x2  
  63  6:08  Ravager  
  68  6:16  Drone  
  68  6:28  Ravager  
  68  6:29  Ravager  
  68  6:30  Zergling x10  
  68  6:31  Zergling x2  
  76  6:33  Overlord  
  75  6:46  Baneling  
  75  6:47  Baneling x2  
  75  6:48  Baneling  
  75  6:52  Drone x2  
  75  6:53  Hydralisk Den  
  76  6:54  Drone x2  
  76  6:55  Drone x2  
  76  6:56  Drone  
  76  6:57  Hatchery  
  76  6:58  Drone  
  76  6:59  Drone  
  82  7:06  Overlord  
  82  7:08  Overlord  
  82  7:12  Overseer  
Tags
 
Add a new tag
Caveats
  • Supply blocks, unpowered buildings, or Contaminate may cause inaccurate times.
  • Supply counts are checked every 10 seconds.